AoeStats
← xlalox corona

Arena

509513179Analyzed
1v1 RM · 4d ago on Sep 27, 2026· 72m 29s· 2 players
Game mode
Random Map
Map size
Tiny (2 player)
Population
200
Speed
Normal
Resources
Standard
Victory
Conquest
Starting age
Dark Age
Ending age
Imperial Age
RankedLock teamsTeams togetherTeam positionsShared explorationLock speedFull tech treeHidden civsTurbo modeCheats
Victory
Defeat
🇲🇽 Spanish · Mexico
1664
+15
🇹🇼 Poles · Taiwan
1640
-15
asd911s
4:39 Loom
11:09 Feudal Age
11:11 Loom
11:48 Double-Bit Axe
14:11 Fletching
15:09 Horse Collar
21:41 Castle Age
20:33 Stone Mining
22:39 Bow Saw
22:30 Heavy Plow
23:30 Wheelbarrow
22:49 Light Cavalry
24:07 Forging
24:14 Scale Barding Armor
27:22 Stone Shaft Mining
26:39 Gold Mining
27:41 Ballistics
26:43 Elite Skirmisher
31:55 Hand Cart
35:09 Imperial Age
33:26 Town Watch
33:25 Treadmill Crane
33:56 Masonry
34:47 Iron Casting
34:32 Chain Barding Armor
34:51 Bloodlines
34:41 Husbandry
39:36 Blast Furnace
39:07 Bodkin Arrow
41:07 Conscription
40:11 Winged Hussar
42:41 Bracer
45:19 Chemistry
46:22 Siege Engineers
48:33 Lechitic Legacy
54:39 Crossbowman
55:24 Thumb Ring
55:15 Arbalester
56:33 Padded Archer Armor
69:18 Leather Archer Armor
xlalox corona
4:59 Loom
8:39 Feudal Age
9:22 Double-Bit Axe
11:17 Fletching
22:43 Castle Age
20:55 Stone Mining
21:08 Horse Collar
22:12 Gold Mining
23:23 Wheelbarrow
23:44 Bow Saw
23:34 Bodkin Arrow
23:46 Town Watch
27:31 Padded Archer Armor
30:00 Leather Archer Armor
38:01 Imperial Age
38:10 Elite Conquistador
39:23 Ring Archer Armor
39:15 Bloodlines
39:06 Husbandry
40:59 Scale Barding Armor
40:51 Light Cavalry
41:43 Forging
42:28 Chain Barding Armor
42:11 Heavy Plow
42:32 Hand Cart
42:23 Hussar
45:16 Plate Barding Armor
47:31 Iron Casting
49:18 Conscription
55:07 Two-Man Saw
55:24 Blast Furnace
65:05 Cavalier
Connection lost

Rejoining the realm…

Still unreachable

The connection could not be restored.

Session expired

The server has moved on; the page needs a fresh start.